 Dungeon Crawl Stone Soup version 0.31-a0-102-g33a4ccc0cb (webtiles) character file.

Game seed: 15573890585329851938

2 ytrimaz the Caller (level 1, -1/7 HPs)
             Began as a Felid Summoner on May 26, 2023.
             Slain by a quokka (4 damage)
             ... on level 1 of the Dungeon.
             The game lasted 00:00:42 (75 turns).

ytrimaz the Caller (Felid Summoner)                   Turns: 75, Time: 00:00:42

Health: -1/7       AC:  1    Str:  4    XL:     1   Next: 25%
Magic:  2/4        EV: 17    Int: 16    God:
Gold:   16         SH:  0    Dex: 16    Spells: 3/4 levels left
                                        Lives:  0   Deaths: 0

rFire   . . .        (weapon unavailable)
rCold   . . .        (shield unavailable)
rNeg    . . .        (body armour unavailable)
rPois   .            (helmet unavailable)
rElec   .            (cloak unavailable)
rCorr   .            (gloves unavailable)
SInv    +            (boots unavailable)
Will    .....        (no amulet)
Stlth   ++           (no ring)
HPRegen 0.21/turn    (no ring)
MPRegen 0.09/turn

%: no passive effects
@: quick
A: very small, claws 1, fangs 3, see invisible, speed 1, shaggy fur 1, stealthy
paws, no weapons or thrown items, no armour, multi-lived
a: no special abilities


You were on level 1 of the Dungeon.
You visited 1 branch of the dungeon, and saw 1 of its levels.

You collected 16 gold pieces.


Innate Abilities, Weirdness & Mutations

You have sharp claws.
You have razor-sharp teeth.
You have supernaturally acute eyesight. (SInv)
You cover ground quickly. (Speed+)
You are covered in fur. (AC +1)
Your paws help you pounce on unaware monsters.
You are incapable of wielding weapons or throwing items.
You cannot wear armour.
You gain extra lives every three experience levels.


   Skills:
 + Level 2.7 Dodging
 - Level 2.6 Stealth
 + Level 2.0 Spellcasting
 + Level 4.0 Summonings


You had 3 spell levels left.
You knew the following spells:

 Your Spells              Type           Power      Damage    Failure   Level
a - Summon Small Mammal   Summ           56%        N/A       4%          1

Your spell library contained the following spells:

 Spells                   Type           Power      Damage    Failure   Level
 Call Imp                 Summ           28%        N/A       6%          2
 Call Canine Familiar     Summ           14%        N/A       12%         3
 Summon Guardian Golem    Hex/Summ       7%         N/A       30%         3
 Summon Lightning Spire   Summ/Air       7%         N/A       69%         4

Inventory:

Potions
 a - a potion of magic

Dungeon Overview and Level Annotations

Branches:
Dungeon (1/15) Zot: 5933

Altars:

#. ... . #. ..
#.###. ....
#.....##.....
#......b.....
#...b..J# ..##+#####
#.....r.###........#
#..@.##........#
####.##........#
#.##........#
#..'........+
####))......#
#.........#
#...#+##### #...#.#
#...#.#


You could see an endoplasm, a quokka (ally target) and 2 friendly bats.


Message History

Welcome, ytrimaz the Felid Summoner.
You feel drawn to the Orb of Zot, downwards into the unfathomable depths...
Press ? for a list of commands and other information.
Found a staircase leading out of the dungeon.
Found two escape hatches in the floor.
Found an escape hatch in the floor.
You now have 4 gold pieces.
There is an escape hatch in the floor here.
A kobold comes into view. It is wielding a +0 short sword.
The kobold shouts!
You hear an angry hiss.
A kobold is nearby!
A kobold is nearby!
A kobold is nearby!
Okay, then. 😎 MP[-1]
You lost 1 mp, and now have 3/4 mp.
Unknown command. 😎 MP[-1]
You lost 1 mp, and now have 2/4 mp.
A ball python comes into view.
The kobold hits you with a +0 short sword. 😕 HP[-1]
You take 1 damage, and now have 6/7 hp.
You scratch the kobold but do no damage.
Your bite misses the kobold. The kobold closely misses you. 😎 HP[+1]
Your hp is fully restored (7).
You scratch the kobold.
Your rat bites the kobold.
The kobold dies!
Things that are here:
a +0 short sword; a kobold corpse You scratch the ball python but do no damage.
Your rat misses the ball python.
Your rat barely misses the ball python.
The ball python barely misses you. The ball python closely misses you.
Unknown command.
You scratch the ball python.
You bite the ball python, but do no damage.
The ball python bites you but does no damage.
The ball python grabs you. The ball python constricts you.
Your rat bites the ball python.
The ball python dies! 😕 HP[-1]
You take 1 damage, and now have 6/7 hp.
No target in view! 😎 HP[+1]
Your hp is fully restored (7).
Unknown command.
Your rat disappears in a puff of smoke!
You swap places.
Your rat disappears in a puff of smoke!
You now have 16 gold pieces (gained 12).
Things that are here:
a +0 short sword; a kobold corpse You open the door.
There is an open door here.
A quokka comes into view. 😎 MP[+2]
Your mp is fully restored (4).
A quokka is nearby!
A quokka is nearby!
Unknown command.
A quokka is nearby! 😎 MP[-1]
You lost 1 mp, and now have 3/4 mp.
Your bat hits the quokka but does no damage. 😎 MP[-1]
You lost 1 mp, and now have 2/4 mp.
Unknown command.
Your bat hits the quokka but does no damage.
Your bat closely misses the quokka.
The quokka bites your bat.
You swap places.
An endoplasm comes into view.
Your bat completely misses the quokka.
Your bat misses the quokka.
Your bat closely misses the quokka.
The quokka bites you.
Ouch! That really hurt!
* * * LOW HITPOINT WARNING * * *
😨 HP[-4]
You take 4 damage, and now have 3/7 hp.
MASSIVE DAMAGE!! (PAUSE)
You barely miss the quokka. Your bat hits the quokka.
Your bat barely misses the quokka.
The quokka barely misses you. 😮 HP[+1]
You scratch the quokka but do no damage.
Your bat closely misses the quokka.
Your bat hits the quokka but does no damage.
The quokka closely misses you.
Unknown command.
You closely miss the quokka.
Your bat closely misses the quokka.
Your bat hits the quokka but does no damage.
The quokka bites you.
* * * LOW HITPOINT WARNING * * *
😨 HP[-1]
You take 1 damage, and now have 3/7 hp.
You completely miss the quokka.
Your bat barely misses the quokka.
Your bat closely misses the quokka.
The quokka misses you. x2
You scratch the quokka but do no damage.
Your bat barely misses the quokka.
Your bat hits the quokka. The quokka bites you.
Ouch! That really hurt!
You die...

Action                     || total
---------------------------++-------
  Melee: Unarmed           ||     9
         Bite              ||     1
   Cast: Summon Small Mamm ||     4
 Armour: Skin              ||     1
  Dodge: Dodged            ||     7

Levels and vault maps discovered:
D:1:      heliophobic_arrival_henge, layout_basic, amcnicky_mini_pool_small,
          hex_large

Notes
Turn   | Place    | Note
-------+----------+-------------------------------------------
     0 | D:1      | ytrimaz the Felid Summoner began the quest for the Orb.
     0 | D:1      | Reached XP level 1. HP: 7/7 MP: 4/4
     0 | D:1      | magus.rc [v1.9.6]
    75 | D:1      | Slain by a quokka

Vanquished Creatures (collateral kills)
  A kobold (D:1)
  A ball python (D:1)
2 creatures vanquished.

Table legend:
 A = Non-vault XP
 B = Vault XP
 C = Vault XP percentage of total XP
 D = Non-vault monster count
 E = Vault monster count
 F = Vault count percentage of total count
                 A         B        C        D         E       F
            +---------+---------+-------+---------+---------+-------
      Total |       3 |       0 |   0.0 |       2 |       0 |   0.0
            +---------+---------+-------+---------+---------+-------
        D:1 |       3 |       0 |   0.0 |       2 |       0 |   0.0
            +---------+---------+-------+---------+---------+-------

Action                     || total
---------------------------++-------
  Melee: Unarmed           ||     9
         Bite              ||     1
   Cast: Summon Small Mamm ||     4
 Armour: Skin              ||     1
  Dodge: Dodged            ||     7

Illustrated notes

Table legend:
 A = Kills in this place as a percentage of kills in the entire game.
 B = Kills by you in this place as a percentage of kills by you in the entire game.
 C = Kills by friends in this place as a percentage of kills by friends in the entire game.
 D = Other kills in this place as a percentage of other kills in the entire game.
 E = Experience gained in this place as a percentage of experience gained in the entire game.
 F = Experience gained in this place divided by the number of levels of this place that you have seen.
                   A       B       C       D       E      F
               +-------+-------+-------+-------+-------+----------------------
         Total | 100.0 |   N/A | 100.0 |   N/A | 100.0 |   3.0
       Dungeon | 100.0 |   N/A | 100.0 |   N/A | 100.0 |   3.0
               +-------+-------+-------+-------+-------+----------------------

Table legend: (Time is in decaauts)
 A = Elapsed time spent in this place.
 B = Non-inter-level travel time spent in this place.
 C = Inter-level travel time spent in this place.
 D = Time resting spent in this place.
 E = Time spent auto-exploring this place.
 F = Levels seen in this place.
 G = Mean time per level.
                   A        B        C        D        E       F      G
               +--------+--------+--------+--------+--------+-----+--------+
         Total |     65 |     65 |      0 |      0 |     41 |   1 |   65.0 |
       Dungeon |     65 |     65 |      0 |      0 |     41 |   1 |   65.0 |
               +--------+--------+--------+--------+--------+-----+--------+

Top non-repeatable levels by time:
     D:1: 65 daAuts
